[Event "ICCopen2017"]
[Site "Internet Chess Club"]
[Date "2017.03.25"]
[Round "1"]
[White "fletcherdavid"]
[Black "MrsPiggy"]
[Result "1-0"]
[ICCResult "Black checkmated"]
[WhiteElo "1869"]
[BlackElo "1339"]
[Opening "Philidor's defense"]
[ECO "C41"]
[NIC "KP.08"]
[Time "14:04:04"]
[TimeControl "180+0"]

1. e4 e5 2. Nf3 d6 3. d4 Bg4 4. dxe5 Bxf3 5. Qxf3 dxe5 6. Nc3 c6 7. Bc4 Qe7
8. O-O Nf6 9. Bg5 Nbd7 10. Nd1 h6 11. Bh4 g5 12. Bg3 Bg7 13. Ne3 Qc5 14. Bb3
O-O 15. Nf5 Rad8 16. Nxg7 Kxg7 17. Rad1 a5 18. a4 b5 19. h4 Nh7 20. hxg5
Nxg5 21. Qf5 Qe7 22. Bh4 Qf6 23. Bxg5 hxg5 24. Qxf6+ Nxf6 25. f3 Nh5 26. Kf2
Nf4 27. g3 Ng6 28. Ke3 Kf6 29. axb5 cxb5 30. Rd5 Rb8 31. Rfd1 Ne7 32. Rd6+
Kg7 33. f4 gxf4+ 34. gxf4 exf4+ 35. Kxf4 f6 36. Rg1+ Kh7 37. Rd3 Ng6+ 38.
Kf5 Ne5 39. Rh3# {Black checkmated} 1-0

[Event "ICCopen2017"]
[Site "Internet Chess Club"]
[Date "2017.03.25"]
[Round "1"]
[White "Svinotigr"]
[Black "Kalmyk"]
[Result "0-1"]
[ICCResult "White resigns"]
[WhiteElo "1722"]
[BlackElo "2909"]
[Opening "Réti: old Indian attack"]
[ECO "A06"]
[NIC "QP.09"]
[Time "14:05:00"]
[TimeControl "180+0"]

1. Nf3 d5 2. d3 Nf6 3. Nbd2 Bg4 4. e4 e6 5. g3 c6 6. Bg2 Nbd7 7. Qe2 dxe4 8.
dxe4 Bc5 9. h4 O-O 10. O-O Qc7 11. Kh2 Ne5 12. Nc4 Nxc4 13. Qxc4 Bd6 14. Bg5
b5 15. Qe2 Nd7 16. Bh3 Bh5 17. Kg2 Ne5 18. g4 Nxg4 19. Bxg4 Bxg4 20. Qe3 f6
21. Nh2 {White resigns} 0-1

[Event "ICCopen2017"]
[Site "Internet Chess Club"]
[Date "2017.03.25"]
[Round "1"]
[White "Montserrat"]
[Black "oscarshe"]
[Result "1-0"]
[ICCResult "Black forfeits on time"]
[WhiteElo "1871"]
[BlackElo "1351"]
[Opening "English: Sicilian reversed"]
[ECO "A25"]
[NIC "EO.20"]
[Time "14:03:36"]
[TimeControl "180+0"]

1. c4 e5 2. Nc3 Nc6 3. g3 Nf6 4. Bg2 d6 5. e3 Bd7 6. Nge2 Be7 7. O-O O-O 8.
b3 Rb8 9. Bb2 a6 10. d4 exd4 11. exd4 Bg4 12. h3 Bh5 13. Rc1 Bg6 14. Nf4 Re8
15. Ncd5 Nxd5 16. Nxd5 Bg5 17. Ra1 Ne7 18. Nxe7+ Rxe7 19. d5 Qd7 20. Re1
Rbe8 21. Rxe7 Rxe7 22. Qf3 Be4 23. Qc3 Bf6 24. Qd2 Bxb2 25. Qxb2 Bxg2 26.
Kxg2 Qf5 27. Qd2 Qe4+ 28. Kh2 h6 29. Rd1 Qe2 30. Kg2 Qe4+ 31. f3 Qe2+ 32.
Kg1 Qxf3 33. Qf2 Qxf2+ 34. Kxf2 Kh7 35. g4 Kg6 36. h4 Kf6 37. Rd3 Re4 38.
Kf3 Re2 39. a3 Re5 40. a4 g6 41. a5 g5 42. h5 Kg7 43. b4 f5 44. gxf5 Rxf5+
45. Kg3 Kf6 46. Rb3 Rf4 47. Rc3 Kf5 48. c5 Rxb4 49. cxd6 cxd6 50. Rc7 Rb5
51. Rh7 Rxd5 52. Rxh6 Rxa5 53. Rxd6 Ra3+ 54. Kg2 b5 55. h6 Ra2+ 56. Kg3 Ra1
57. Kg2 Ra4 58. Kg3 Rh4 59. Rxa6 b4 60. Rb6 Rh5 61. Rb5+ Kg6 62. Rb6+ Kf5
63. Rb5+ Kg6 64. Rb6+ Kf5 65. Rxb4 Rxh6 66. Rb5+ Kg6 67. Rb6+ Kh5 68. Rb5
Rf6 69. Ra5 Rd6 70. Ra8 Rd3+ 71. Kf2 Kg4 72. Ke2 Rb3 73. Kd2 Rh3 74. Ke2
Rh2+ 75. Ke3 Kg3 76. Rg8 g4 77. Rg7 Ra2 78. Rg8 Ra3+ 79. Ke2 Kh2 80. Rxg4
Ra2+ 81. Kf3 Ra3+ 82. Kf2 Ra2+ 83. Ke3 {Black forfeits on time} 1-0

[Event "ICCopen2017"]
[Site "Internet Chess Club"]
[Date "2017.03.25"]
[Round "1"]
[White "GoogleGirl"]
[Black "jjmolina"]
[Result "1-0"]
[ICCResult "Black forfeits on time"]
[WhiteElo "1898"]
[BlackElo "1372"]
[Opening "Queen's pawn"]
[ECO "A40"]
[NIC "QO.17"]
[Time "14:03:28"]
[TimeControl "180+0"]

1. d4 e6 2. Bf4 d5 3. Nf3 Bd6 4. Bg3 Nf6 5. e3 Ne4 6. c4 Bb4+ 7. Nbd2 c6 8.
a3 Nxd2 9. axb4 Nxf1 10. Kxf1 dxc4 11. Ne5 b5 12. b3 cxb3 13. Qxb3 Qd5 14.
Qc3 Bb7 15. f3 O-O 16. Kf2 f6 17. Nd3 Nd7 18. Rhc1 Rfc8 19. e4 Qh5 20. Bd6
Qf7 21. Qd2 Nb6 22. Nc5 Nc4 23. Qe2 Nxd6 24. e5 Nc4 25. exf6 gxf6 26. Qe4
Re8 27. Qg4+ Kh8 28. Qe4 f5 29. Qe2 Rad8 30. Rd1 Rd5 31. f4 h5 32. Rxa7 Rb8
33. Na6 Rbd8 34. Nc5 Rb8 35. Nxe6 Qxe6 36. Qxe6 Ne3 37. Qf6+ Kh7 38. Kxe3
Rxd4 39. Qe7+ {Black forfeits on time} 1-0

[Event "ICCopen2017"]
[Site "Internet Chess Club"]
[Date "2017.03.25"]
[Round "1"]
[White "fabes001"]
[Black "Eigeneier"]
[Result "0-1"]
[ICCResult "White resigns"]
[WhiteElo "1319"]
[BlackElo "1848"]
[Opening "Sicilian: Grand Prix attack"]
[ECO "B21"]
[NIC "SI.48"]
[Time "14:04:39"]
[TimeControl "180+0"]

1. e4 c5 2. f4 d5 3. exd5 Nf6 4. Nf3 Nxd5 5. Bc4 Nxf4 6. O-O e6 7. c3 Bd6 8.
d4 O-O 9. Bxf4 Bxf4 10. Bd3 cxd4 11. g3 Be3+ 12. Kh1 Nc6 13. cxd4 Nxd4 14.
Nxd4 Bxd4 15. Nc3 b6 16. h4 Bb7+ 17. Kh2 Rc8 18. Ne4 Bxb2 19. Rb1 Bd4 20.
Qh5 g6 21. Qh6 Bg7 22. Qf4 Qxd3 23. Rbd1 Rc2+ 24. Kh3 Qxe4 25. Qxe4 Bxe4 26.
Rd7 Bf5+ 27. g4 Rc3+ 28. Kg2 Be4+ 29. Kf2 Rf3+ 30. Ke2 Rxf1 31. Kxf1 Bd5 32.
Rxa7 Rc8 33. g5 Rc2 34. Ke1 Rxa2 35. Rc7 b5 36. Kd1 b4 37. Kc1 b3 38. Kb1 b2
39. Rd7 Ra1+ 40. Kc2 b1=Q+ {White resigns} 0-1

[Event "ICCopen2017"]
[Site "Internet Chess Club"]
[Date "2017.03.25"]
[Round "1"]
[White "fishmaster"]
[Black "Sophiste"]
[Result "0-1"]
[ICCResult "White checkmated"]
[WhiteElo "1755"]
[BlackElo "3269"]
[Opening "Robatsch (modern) defense"]
[ECO "B06"]
[NIC "KF.06"]
[Time "14:04:50"]
[TimeControl "180+0"]

1. e4 g6 2. d3 Bg7 3. Nd2 d6 4. Ngf3 c5 5. g3 Nc6 6. Bg2 e6 7. O-O Nge7 8.
Re1 O-O 9. c3 b5 10. Nf1 Rb8 11. h4 b4 12. Bd2 a5 13. Rc1 Ba6 14. Be3 bxc3
15. bxc3 Rb2 16. Re2 Qb6 17. Rcc2 Rb1 18. Qd2 Rd8 19. Re1 Rxe1 20. Nxe1 d5
21. Qc1 d4 22. cxd4 cxd4 23. Bd2 Rb8 24. Bg5 Bf8 25. Nd2 Nb4 26. Nc4 Bxc4
27. Rxc4 Nxa2 28. Qa3 Qb1 29. Kf1 Nd5 30. Qxa5 Bb4 31. Rxb4 Naxb4 32. exd5
exd5 33. Bd2 Nxd3 34. Ke2 Re8+ 35. Kf3 Qd1# {White checkmated} 0-1

[Event "ICCopen2017"]
[Site "Internet Chess Club"]
[Date "2017.03.25"]
[Round "1"]
[White "Koval"]
[Black "Hacker21"]
[Result "0-1"]
[ICCResult "White checkmated"]
[WhiteElo "1941"]
[BlackElo "1711"]
[Opening "Queen's pawn game"]
[ECO "D00"]
[NIC "QP.07"]
[Time "14:04:11"]
[TimeControl "180+0"]

1. d4 Nf6 2. Nc3 d5 3. f3 c5 4. e4 cxd4 5. Qxd4 Nc6 6. Bb5 e6 7. Bg5 Be7 8.
O-O-O Bd7 9. Qd2 d4 10. Nce2 e5 11. Kb1 a6 12. Bc4 b5 13. Bxf6 bxc4 14. Bxg7
Rg8 15. Qh6 Rb8 16. Qxh7 Rxg7 17. Qxg7 c3 18. b3 Qa5 19. Qh8+ Bf8 20. Nc1
Qa3 21. Nd3 Rb5 22. Ne2 Nb4 23. Nec1 Ra5 24. Nxb4 Qb2# {White checkmated}
0-1

[Event "ICCopen2017"]
[Site "Internet Chess Club"]
[Date "2017.03.25"]
[Round "1"]
[White "Qualm"]
[Black "Unico"]
[Result "0-1"]
[ICCResult "White forfeits on time"]
[WhiteElo "1668"]
[BlackElo "2522"]
[Opening "Caro-Kann: classical, Spassky variation"]
[ECO "B18"]
[NIC "CK.12"]
[Time "14:04:29"]
[TimeControl "180+0"]

1. e4 c6 2. d4 d5 3. Nc3 dxe4 4. Nxe4 Bf5 5. Ng3 Bg6 6. Nf3 Nd7 7. h4 h6 8.
h5 Bh7 9. Bd3 Bxd3 10. Qxd3 e6 11. Bf4 Qa5+ 12. Bd2 Bb4 13. a3 Bxd2+ 14.
Nxd2 Ngf6 15. O-O-O O-O 16. Nde4 Rad8 17. Rh4 Rfe8 18. Qe2 Re7 19. Qf3 Kf8
20. Nxf6 Nxf6 21. Ne4 Nxe4 22. Qxe4 Red7 23. g3 Qg5+ 24. Kb1 c5 25. Qh7 cxd4
26. Rf4 Qxh5 {White forfeits on time} 0-1

[Event "ICCopen2017"]
[Site "Internet Chess Club"]
[Date "2017.03.25"]
[Round "1"]
[White "Relentless"]
[Black "demchog97"]
[Result "0-1"]
[ICCResult "White checkmated"]
[WhiteElo "1415"]
[BlackElo "1985"]
[Opening "Sicilian: Kan, 5.Nc3"]
[ECO "B43"]
[NIC "SI.43"]
[Time "14:04:35"]
[TimeControl "180+0"]

1. e4 c5 2. Nf3 e6 3. Nc3 a6 4. d4 cxd4 5. Nxd4 Qc7 6. Be2 b5 7. Qd3 Bb7 8.
Qf3 Nf6 9. Bd3 Bc5 10. Nb3 Ba7 11. Bf4 d6 12. Bg5 Nbd7 13. O-O Ne5 14. Qg3
h6 15. Bd2 g5 16. Kh1 Nh5 17. Qh3 Nf4 18. Bxf4 gxf4 19. Qh4 f3 20. g3 Qe7
21. Qxe7+ Kxe7 22. Nd1 h5 23. h4 Ng4 24. Nd2 Raf8 25. Nxf3 f5 26. Ng5 fxe4
27. Nxe4 d5 28. Ng5 Nxf2+ 29. Kg1 Nxd3+ 30. Kh2 Rxf1 31. cxd3 Rhf8 32. Kg2
Rg1+ 33. Kh2 Rff1 34. Nf3 Rh1+ 35. Kg2 Rxd1 36. Rxd1 Rxd1 37. Ne5 Rd2+ 38.
Kf1 d4 39. Ke1 Rxb2 40. Kd1 Bc5 41. Ng6+ Kd6 42. Nf4 Rxa2 43. Ke1 b4 44. Kd1
b3 45. Kc1 Rc2+ 46. Kb1 Ba3 47. Nxh5 Rc1# {White checkmated} 0-1

[Event "ICCopen2017"]
[Site "Internet Chess Club"]
[Date "2017.03.25"]
[Round "1"]
[White "VrloJakMK"]
[Black "chalimo77"]
[Result "1-0"]
[ICCResult "Black checkmated"]
[WhiteElo "2068"]
[BlackElo "1497"]
[Opening "Old Benoni: Schmid's system"]
[ECO "A43"]
[NIC "OI.09"]
[Time "14:04:45"]
[TimeControl "180+0"]

1. d4 c5 2. d5 d6 3. Nc3 g6 4. e4 Bg7 5. h4 Nf6 6. Be2 h5 7. Nf3 Bg4 8. a4
Nbd7 9. Bf4 a6 10. Qd2 Qb6 11. a5 Qc7 12. O-O Bxf3 13. Bxf3 Ne5 14. Be2 O-O
15. f3 Kh7 16. Na4 Nfd7 17. Be3 b5 18. axb6 Nxb6 19. Nxb6 Qxb6 20. c3 Rfb8
21. Rfb1 a5 22. f4 Ng4 23. Bxg4 hxg4 24. Qd1 f5 25. Qc2 Qb5 26. exf5 gxf5
27. Qxf5+ Kh8 28. Qh5+ Kg8 29. Qxg4 Rf8 30. Qe6+ Rf7 31. h5 Rf8 32. h6 Bf6
33. b4 Qd3 34. bxa5 Qg6 35. f5 Qg4 36. a6 Kh7 37. Rf1 Rg8 38. Rf2 Qc4 39.
Qxf7+ Bg7 40. hxg7 Rxg7 41. Qh5+ Kg8 42. a7 Qxd5 43. a8=Q+ Qxa8 44. Rxa8#
{Black checkmated}
1-0

[Event "ICCopen2017"]
[Site "Internet Chess Club"]
[Date "2017.03.25"]
[Round "1"]
[White "The7thGuest"]
[Black "habishek"]
[Result "1-0"]
[ICCResult "Black forfeits on time"]
[WhiteElo "1781"]
[BlackElo "1054"]
[Opening "Philidor's defense"]
[ECO "C41"]
[NIC "KP.08"]
[Time "14:04:46"]
[TimeControl "180+0"]

1. e4 e5 2. Nf3 d6 3. d4 Bg4 4. dxe5 Bxf3 5. Qxf3 dxe5 6. Bc4 Nf6 7. Qb3 Be7
8. Bxf7+ Kf8 9. Be6 Nc6 10. c3 Nxe4 11. O-O Bf6 12. Qxb7 Ke7 13. Qxc6 Nd6
14. Bb3 Rf8 15. Be3 Rb8 16. Bc5 Qd7 17. Qxd7+ Kxd7 18. Nd2 Bg5 19. Bxd6 cxd6
20. Ne4 Bh6 21. Rad1 Kc7 22. Nxd6 Rbd8 23. Nb5+ Kb6 24. Na3 Rxd1 25. Rxd1 e4
26. Nc4+ Kc5 27. Ne3 g5 28. g3 Re8 29. Rd5+ Kc6 30. Ba4+ Kb6 31. Bxe8 g4 32.
Nc4+ Kc7 33. Rh5 a5 34. Rxh6 e3 35. fxe3 a4 36. Bxa4 Kb7 37. Rc6 Kb8 38. Nd6
h5 39. Rc8+ {Black forfeits on time} 1-0

[Event "ICCopen2017"]
[Site "Internet Chess Club"]
[Date "2017.03.25"]
[Round "1"]
[White "SebasTian6"]
[Black "Spirals"]
[Result "0-1"]
[ICCResult "White forfeits on time"]
[WhiteElo "1555"]
[BlackElo "2185"]
[Opening "Queen's pawn game"]
[ECO "D04"]
[NIC "QP.08"]
[Time "14:04:16"]
[TimeControl "180+0"]

1. d4 d5 2. Nf3 Nf6 3. e3 Bf5 4. Bd3 Bg6 5. O-O e6 6. Re1 Nbd7 7. Nc3 Bb4 8.
Bd2 O-O 9. a3 Bxc3 10. Bxc3 c5 11. Bxg6 hxg6 12. Rf1 Ne4 13. Be1 c4 14. c3
Rc8 15. Qc2 a6 16. a4 f5 17. Bd2 Qf6 18. a5 g5 19. Ne1 g4 20. f3 gxf3 21.
Nxf3 g5 22. g3 g4 23. Ne1 Rf7 24. Ng2 Ng5 25. Nh4 Ne4 26. Kg2 Rcf8 27. Rae1
Rh7 28. Bc1 Qh6 29. Rf4 Ndf6 30. Ref1 Nh5 31. Qe2 Nxf4+ 32. exf4 Qf6 33. Be3
Rc8 34. Rh1 Kf7 35. h3 gxh3+ 36. Rxh3 Rg8 37. Bf2 Rxh4 38. Rxh4 Qxh4 39. Kf3
Qg4+ {White forfeits on time} 0-1

[Event "ICCopen2017"]
[Site "Internet Chess Club"]
[Date "2017.03.25"]
[Round "1"]
[White "DropZone"]
[Black "Norgeman"]
[Result "1-0"]
[ICCResult "Black forfeits on time"]
[WhiteElo "2130"]
[BlackElo "1514"]
[Opening "Queen's pawn"]
[ECO "A40"]
[NIC "QO.17"]
[Time "14:04:15"]
[TimeControl "180+0"]

1. d4 c6 2. Nf3 d5 3. Bf4 Nf6 4. e3 Bf5 5. c4 Qb6 6. Qb3 Qxb3 7. axb3 e6 8.
Nc3 Bc2 9. Nd2 dxc4 10. bxc4 Na6 11. Be2 Nb4 12. O-O Nd3 13. Bxd3 Bxd3 14.
Rfc1 Bb4 15. c5 a5 16. Nf3 O-O 17. h3 h6 18. Na4 Nd5 19. Bd6 Rfe8 20. Nc3 f6
21. Na2 Be4 22. Nxb4 a4 23. Nxd5 exd5 24. Nd2 Bf5 25. Ra3 g5 26. Rca1 Bc2
27. Nf3 Rac8 28. Ne1 Bb3 29. Nd3 Kf7 30. Nc1 Bc2 31. Rc3 Bd1 32. Kf1 f5 33.
Ke1 Bh5 34. Rxa4 Ra8 35. Rca3 Rxa4 36. Rxa4 Rd8 37. Ra7 Rd7 38. Nb3 Ke6 39.
Na5 Bg6 40. Rxb7 Rxb7 41. Nxb7 f4 42. Nd8+ Kf5 43. Nxc6 {Black forfeits on
time} 1-0

[Event "ICCopen2017"]
[Site "Internet Chess Club"]
[Date "2017.03.25"]
[Round "1"]
[White "Dodgy"]
[Black "Alikfish"]
[Result "1-0"]
[ICCResult "Black forfeits on time"]
[WhiteElo "1977"]
[BlackElo "1455"]
[Opening "Modern defense"]
[ECO "A40"]
[NIC "QO.17"]
[Time "14:04:07"]
[TimeControl "180+0"]

1. d4 g6 2. c4 Bg7 3. Nf3 c5 4. g3 d6 5. Bg2 cxd4 6. Nxd4 Nf6 7. O-O O-O 8.
Nc3 a6 9. Bg5 h6 10. Be3 Qc7 11. b3 Nc6 12. Rc1 Bf5 13. h3 Rac8 14. Nd5 Qd8
15. Nxf5 gxf5 16. Nxf6+ exf6 17. Qd3 Qd7 18. Rfd1 Rfd8 19. Bb6 Ne5 20. Qd2
Re8 21. Qxd6 Qxd6 22. Rxd6 f4 23. gxf4 Ng6 24. e3 Bf8 25. Rd7 Re7 26. Rcd1
Rxd7 27. Rxd7 Bc5 28. Bxc5 Rxc5 29. Bd5 Nh8 30. Rxb7 Ra5 31. a4 Rc5 32. Rb6
a5 33. Rb5 Rxb5 34. cxb5 Ng6 35. b6 Nf8 36. Bc6 Ne6 37. b7 Kg7 38. b8=Q Nc5
39. Bd5 Nd3 40. Qc7 Kg6 41. Qxf7+ {Black forfeits on time} 1-0

[Event "ICCopen2017"]
[Site "Internet Chess Club"]
[Date "2017.03.25"]
[Round "1"]
[White "Cantalarrana"]
[Black "Kusox"]
[Result "0-1"]
[ICCResult "White forfeits on time"]
[WhiteElo "1527"]
[BlackElo "2148"]
[Opening "Sicilian"]
[ECO "B50"]
[NIC "SI.01"]
[Time "14:03:54"]
[TimeControl "180+0"]

1. e4 c5 2. Nf3 d6 3. c3 Nf6 4. Be2 e6 5. O-O Be7 6. Re1 O-O 7. Bf1 b6 8. d4
Bb7 9. d5 exd5 10. exd5 Nxd5 11. Nbd2 Nd7 12. Ne4 N7f6 13. Bc4 b5 14. Bxd5
Nxd5 15. Bg5 Bxg5 16. Nfxg5 h6 17. Nf3 Re8 18. Qd2 Re6 19. Rad1 Qe7 20. Ng3
Qf6 21. Nh5 Qg6 22. Nf4 Nxf4 23. Qxf4 Rf6 24. Qg3 Bxf3 25. gxf3 Kf8 26. Qxg6
Rxg6+ 27. Kf1 Re8 28. Re3 Rxe3 29. fxe3 Ke7 30. Kf2 Kd7 31. e4 Kc6 32. Rd2
Rg5 33. Ke3 d5 34. exd5+ Rxd5 35. Rg2 g6 36. f4 Rd6 37. Kf3 Rf6 38. Re2 Rf5
39. Re7 a5 40. Re8 Rf6 41. Rc8+ Kb6 42. Rd8 Rc6 43. Rd7 Rc7 44. Rd8 h5 45.
Rd6+ Kb7 46. Rf6 b4 {White forfeits on time} 0-1

[Event "ICCopen2017"]
[Site "Internet Chess Club"]
[Date "2017.03.25"]
[Round "1"]
[White "marianzaim"]
[Black "GOODZYLLA"]
[Result "1/2-1/2"]
[ICCResult "Game drawn by repetition"]
[WhiteElo "1906"]
[BlackElo "1481"]
[Opening "English, 1...Nf6 (Anglo-Indian defense)"]
[ECO "A15"]
[NIC "EO.26"]
[Time "14:04:53"]
[TimeControl "180+0"]

1. c4 Nf6 2. g3 c5 3. Bg2 Nc6 4. Nf3 g6 5. O-O Bg7 6. d4 cxd4 7. Nxd4 O-O 8.
Nc3 Nxd4 9. Qxd4 d6 10. Qd2 Rb8 11. b3 a6 12. Bb2 b5 13. cxb5 axb5 14. Rfc1
Bb7 15. Bxb7 Rxb7 16. Rc2 Qd7 17. Rac1 Rc8 18. f3 Rbc7 19. Nd1 d5 20. Rxc7
Rxc7 21. Rxc7 Qxc7 22. Kg2 e6 23. Nc3 Qc6 24. Qd3 b4 25. Na4 Nd7 26. Qd2
Bxb2 27. Qxb2 Nb6 28. Nxb6 Qxb6 29. Qd2 Kg7 30. e3 h6 31. Qd4+ Qxd4 32. exd4
Kf6 33. Kf2 Ke7 34. Ke3 Kd6 35. Kd3 f6 36. f4 e5 37. fxe5+ fxe5 38. Ke3 e4
39. Kf4 g5+ 40. Ke3 Ke6 41. g4 Kf6 42. h3 Kg6 43. Ke2 h5 44. Ke3 hxg4 45.
hxg4 Kf6 46. Ke2 Ke6 47. Ke3 Kd6 48. Ke2 Kc6 49. Ke3 Kb5 50. Ke2 Kc6 51. Ke3
Kb5 52. Ke2 Kb6 53. Ke3 Kb7 54. Ke2 Kc7 55. Ke3 Kd6 56. Ke2 Ke6 57. Ke3 Kd6
58. Ke2 Ke6 59. Ke3 Kd6 60. Ke2 {Game drawn by repetition} 1/2-1/2

[Event "ICCopen2017"]
[Site "Internet Chess Club"]
[Date "2017.03.25"]
[Round "1"]
[White "hedgie"]
[Black "veteranrus"]
[Result "0-1"]
[ICCResult "White resigns"]
[WhiteElo "1920"]
[BlackElo "1704"]
[Opening "Benoni defense"]
[ECO "A61"]
[NIC "BI.38"]
[Time "14:04:38"]
[TimeControl "180+0"]

1. d4 Nf6 2. c4 c5 3. d5 e6 4. Nc3 exd5 5. cxd5 a6 6. a4 Bd6 7. g3 O-O 8.
Bg2 Re8 9. Nf3 Bc7 10. O-O d6 11. Nd2 Nbd7 12. h3 Rb8 13. Kh2 b5 14. axb5
axb5 15. e4 b4 16. Ne2 Ne5 17. Qc2 h5 18. f4 Ng6 19. Nc4 Qe7 20. Ra7 Rb7 21.
Rxb7 Bxb7 22. e5 Bxd5 23. Bxd5 Nxd5 24. Qd3 Nb6 25. exd6 Qxe2+ 26. Qxe2
Rxe2+ 27. Kg1 Nxc4 28. dxc7 Nb6 29. f5 Nf8 30. Bf4 Rxb2 31. Rc1 Nfd7 32. Bd6
c4 33. Rxc4 b3 34. c8=Q+ Nxc8 35. Rxc8+ Kh7 36. Rc7 Nf6 37. Rb7 Nd5 38. Be5
Re2 39. Bd4 Rd2 40. Be5 f6 41. Ba1 Rd1+ 42. Kf2 Rxa1 43. Rxb3 Rb1 44. Kf3
Rc1 45. g4 Rc3+ 46. Rxc3 Nxc3 47. Kf4 hxg4 48. hxg4 Kh6 49. Kg3 Kg5 50. Kf3
Nd5 51. Kg3 Ne3 52. Kf3 Nxf5 53. gxf5 Kxf5 54. Kg3 Ke4 55. Kf2 Kf4 56. Kg2
Ke3 57. Kg3 f5 58. Kg2 f4 59. Kf1 f3 60. Ke1 f2+ 61. Kf1 g5 {White resigns}
0-1

[Event "ICCopen2017"]
[Site "Internet Chess Club"]
[Date "2017.03.25"]
[Round "1"]
[White "Lightlike"]
[Black "ALexiz"]
[Result "1-0"]
[ICCResult "Black forfeits on time"]
[WhiteElo "2617"]
[BlackElo "1683"]
[Opening "Sicilian: Alapin's variation (2.c3)"]
[ECO "B22"]
[NIC "SI.46"]
[Time "14:03:53"]
[TimeControl "180+0"]

1. e4 c5 2. c3 d5 3. exd5 Qxd5 4. d4 e6 5. Nf3 Nf6 6. Be3 cxd4 7. cxd4 Be7
8. Nc3 Qd6 9. a3 O-O 10. Bd3 Nc6 11. O-O b6 12. Qe2 Bb7 13. Rad1 h6 14. Bb1
Na5 15. Ne5 Rac8 16. Rfe1 Rfd8 17. Qd3 a6 18. Ng4 b5 19. Nxf6+ Bxf6 20. Qh7+
Kf8 21. Ne4 Qd5 22. f3 Ke7 23. Nxf6 gxf6 24. Be4 Qb3 25. Bd2 Bxe4 26. Qxe4
Nc4 27. Bb4+ Nd6 28. d5 e5 29. Qh4 Qxb2 30. Rd2 Rc2 31. Rxc2 Qxc2 32. Rxe5+
Kd7 33. Qxf6 Qd1+ 34. Kf2 Qc2+ 35. Kf1 Qb1+ 36. Re1 Qd3+ 37. Kg1 Qxd5 38.
Re7+ Kc6 39. Qc3+ Qc4 40. Qxc4+ Nxc4 41. Rxf7 Rd1+ 42. Kf2 Ra1 43. Rf6+ Kb7
44. Rxh6 Nxa3 45. Rh7+ Kb6 46. h4 Nc4 47. Be7 Ra2+ 48. Kg3 Nd2 49. Bd8+ Kc5
50. h5 Nf1+ 51. Kf4 Rxg2 52. h6 Rh2 53. Rc7+ Kd6 54. h7 Rh1 55. Ra7 a5 56.
Bf6 Kc5 57. h8=Q Rxh8 58. Bxh8 a4 59. Ke4 Kb4 60. Bd4 Kb3 61. Kd3 b4 62. Rb7
a3 63. Bc5 Ka2 64. Rxb4 Nh2 65. Ra4 Nxf3 66. Rxa3+ Kb2 67. Kc4 Ne5+ 68. Kb5
Nd7 69. Ra8 Nxc5 70. Kxc5 Kc3 71. Rd8 Kb3 72. Rd4 {Black forfeits on time}
1-0

[Event "ICCopen2017"]
[Site "Internet Chess Club"]
[Date "2017.03.25"]
[Round "1"]
[White "bookseller"]
[Black "Chaos23"]
[Result "0-1"]
[ICCResult "White checkmated"]
[WhiteElo "1374"]
[BlackElo "1907"]
[Opening "Sicilian: O'Kelly variation"]
[ECO "B28"]
[NIC "SI.43"]
[Time "14:04:40"]
[TimeControl "180+0"]

1. e4 c5 2. Nf3 a6 3. d4 cxd4 4. Nxd4 e5 5. Nb3 Nf6 6. Nc3 Bb4 7. Bd3 O-O 8.
O-O Bxc3 9. bxc3 d5 10. Bg5 dxe4 11. Bxf6 Qxf6 12. Bxe4 Nc6 13. Bxc6 Qxc6
14. Qd3 Be6 15. Rfd1 Rac8 16. Rab1 Qxc3 17. Rdc1 Rfd8 18. Qe4 Bd5 19. Qg4
Rc4 20. Qg5 f6 21. Qh5 g6 22. Qe2 Re4 23. Qf1 Rg4 24. f3 Bxf3 25. Kh1 Bxg2+
26. Qxg2 Rxg2 27. Kxg2 e4 28. Rf1 f5 29. Rf2 e3 30. Re2 f4 31. Rbe1 Qc6+ 32.
Kg1 Qf3 33. Nc1 Rd2 34. Nd3 Rxe2 35. Rxe2 Qxe2 36. Ne5 f3 37. Nd7 Qg2#
{White checkmated}
0-1

[Event "ICCopen2017"]
[Site "Internet Chess Club"]
[Date "2017.03.25"]
[Round "1"]
[White "Khanzer17"]
[Black "HEM"]
[Result "0-1"]
[ICCResult "White forfeits on time"]
[WhiteElo "1946"]
[BlackElo "1482"]
[Opening "Sicilian: Taimanov variation"]
[ECO "B48"]
[NIC "SI.40"]
[Time "14:04:22"]
[TimeControl "180+0"]

1. e4 c5 2. Nf3 e6 3. d4 cxd4 4. Nxd4 Nc6 5. Nc3 Qc7 6. Be3 a6 7. Qd2 Nf6 8.
O-O-O Bb4 9. f3 O-O 10. Nb3 Ne5 11. Kb1 b5 12. Qf2 Bb7 13. Bc5 Bxc5 14. Qxc5
Rac8 15. Qxc7 Rxc7 16. Be2 Rfc8 17. Na5 Ba8 18. Rd6 Nc6 19. Nxc6 Rxc6 20.
Rxc6 Bxc6 21. a3 Rb8 22. Rd1 a5 23. e5 Nd5 24. Nxd5 Bxd5 25. b3 b4 26. Kb2
bxa3+ 27. Kxa3 Rc8 {White forfeits on time} 0-1

[Event "ICCopen2017"]
[Site "Internet Chess Club"]
[Date "2017.03.25"]
[Round "1"]
[White "Istrebitel"]
[Black "Natik"]
[Result "0-1"]
[ICCResult "White resigns"]
[WhiteElo "1634"]
[BlackElo "2442"]
[Opening "French: King's Indian attack"]
[ECO "C00"]
[NIC "FR.02"]
[Time "14:06:12"]
[TimeControl "180+0"]

1. e4 e6 2. d3 d5 3. Nd2 Nf6 4. Ngf3 c5 5. g3 Nc6 6. Bg2 Be7 7. O-O Qc7 8.
Re1 b6 9. Nf1 Bb7 10. exd5 Nxd5 11. Ne3 Nxe3 12. Bxe3 O-O 13. Bf4 Qd7 14.
Qe2 Bd6 15. Bxd6 Qxd6 16. c3 Rad8 17. Rad1 Rfe8 18. d4 Ne7 19. dxc5 Qxc5 20.
Nd4 Bxg2 21. Kxg2 Qd5+ 22. Qf3 Qxa2 23. Re2 Qc4 24. Rde1 Ng6 25. h4 Qd5 26.
h5 Qxf3+ 27. Kxf3 Ne7 28. g4 h6 29. Kg3 Nd5 30. f4 Rf8 31. f5 exf5 32. Nxf5
Kh7 33. Re5 Rd7 34. R1e4 Rfd8 35. Nd4 a6 36. Rf5 Nf6 37. Ree5 b5 38. Rc5 Rd5
39. Rc7 R5d7 40. Rc6 Ne4+ 41. Kf4 Nd6 42. Rfc5 Nc4 43. Rxa6 Nxb2 44. Rb6
Nd3+ {White resigns} 0-1

[Event "ICCopen2017"]
[Site "Internet Chess Club"]
[Date "2017.03.25"]
[Round "1"]
[White "Marcoluis"]
[Black "neverend"]
[Result "0-1"]
[ICCResult "White forfeits on time"]
[WhiteElo "1674"]
[BlackElo "2575"]
[Opening "Grünfeld: modern exchange variation"]
[ECO "D85"]
[NIC "GI.04"]
[Time "14:04:39"]
[TimeControl "180+0"]

1. d4 Nf6 2. c4 g6 3. Nc3 d5 4. cxd5 Nxd5 5. e4 Nxc3 6. bxc3 Bg7 7. Nf3 c5
8. Be2 Nc6 9. Be3 cxd4 10. cxd4 Bg4 11. d5 Bxf3 12. Bxf3 Ne5 13. Be2 O-O 14.
O-O Qa5 15. f4 Nd7 16. e5 Rfd8 17. Bf3 Nb6 18. Bxb6 Qxb6+ 19. Kh1 Rac8 20.
Rb1 Qa6 21. Qb3 b6 22. Rbd1 Qc4 23. Qa3 Qxf4 24. d6 exd6 25. Bb7 Qxe5 26.
Bxc8 Rxc8 27. Qxd6 Qxd6 28. Rxd6 Rc7 29. Rd8+ Bf8 30. Re1 Kg7 31. h3 Be7 32.
Re8 Bf6 33. Ra8 h5 34. Rae8 Rb7 35. Rc8 b5 36. Rec1 Be5 37. Re8 f6 38. Rd1
h4 39. Red8 Kh6 40. R8d7 Rb6 41. Rxa7 Rc6 42. Rad7 b4 43. Rb7 Bc3 44. Rb5
Re6 45. Rf1 g5 46. Rb7 Kg6 47. Ra7 Re2 48. Ra6 Be5 49. Rb6 Rb2 50. a3 bxa3
51. Rxb2 Bxb2 52. Rd1 a2 {White forfeits on time} 0-1